 Dungeon Crawl Stone Soup version 0.24-a0-251-g44e327e (webtiles) character file.

Game seed: 6092253018153393596

40 Lanoc the Covered (level 3, 0/30 HPs)
             Began as a Minotaur Wanderer on Apr 16, 2019.
             Slain by a white imp (2 damage)
             ... summoned by Natasha
             ... on level 2 of the Dungeon.
             The game lasted 00:01:34 (868 turns).

Lanoc the Covered (Minotaur Wanderer)                Turns: 868, Time: 00:01:35

Health: 0/30       AC:  3    Str: 17    XL:     3   Next: 30%
Magic:  3/3        EV: 12    Int:  7    God:
Gold:   79         SH:  0    Dex: 11    Spells: 2/2 levels left

rFire    . . .     SeeInvis .   c - +0 mace
rCold    . . .     Gourm    .   (no shield)
rNeg     . . .     Faith    .   e - +0 robe
rPois    .         Spirit   .   (helmet restricted)
rElec    .         Reflect  .   g - +0 cloak
rCorr    .         Harm     .   (no gloves)
MR       .....                  (no boots)
Stlth    +.........             (no amulet)
HPRegen  0.10/turn              (no ring)
MPRegen  0.08/turn              (no ring)

@: slowed, very slow
A: retaliatory headbutt, horns 2
a: no special abilities


You were on level 2 of the Dungeon.
You were not hungry.

You visited 1 branch of the dungeon, and saw 2 of its levels.

You collected 79 gold pieces.

Inventory:

Hand Weapons
 a - a +2 shortbow
 c - a +0 mace (weapon)
Missiles
 b - 26 arrows
Armour
 e - a +0 robe (worn)
 g - a +0 cloak (worn)
Wands
 d - a wand of random effects (15)
Scrolls
 h - 2 scrolls of teleportation {unknown}
 i - 2 scrolls of identify {unknown}
 j - 2 scrolls of blinking {unknown}
Comestibles
 f - 2 rations


   Skills:
 + Level 2.5 Fighting
   Level 2.4 Axes
 - Level 0.1(1.4) Maces & Flails
 - Level 2.1 Bows
 + Level 4.2 Armour
 + Level 1.6 Dodging
 - Level 1.7 Evocations


You had 2 spell levels left.
You didn't know any spells.
Your spell library was empty.

Dungeon Overview and Level Annotations

Branches:
Dungeon (2/15)

Altars:
Ru

Annotations:
D:2 Natasha


Innate Abilities, Weirdness & Mutations

You reflexively headbutt those who attack you in melee.
You have a pair of horns on your head.


Message History

The kobold hits you but does no damage.
Natasha mumbles some strange words.
You hit Natasha.
Natasha is lightly wounded.
The kobold hits you with a +0 dagger.
* * * LOW HITPOINT WARNING * * *
Natasha casts a spell at you.
You feel yourself slow down. The kobold closely misses you. Natasha misses you.
You aren't carrying any potions.
You barely miss Natasha.
Natasha is lightly wounded.
The white imp completely misses you. You furiously retaliate!
You headbutt the white imp. The kobold hits you but does no damage.
Natasha growls.
Natasha zaps a wand.
The puff of flame hits you.
* * * LOW HITPOINT WARNING * * *
The white imp hits you.
* * * LOW HITPOINT WARNING * * *
The white imp freezes you.
You die...

#. (... #. .... #.
###. ... #.##... ..
.....#.##.#####
...............
......Kh5...#
.......@.# .........#
.........# ...##.#..#
### ########.######
....
#...........####......
#.####†####.##........
#.......#.#........#
#.##.##.#.##.# ...#


You could see Natasha, a white imp and a kobold.

Vanquished Creatures
  An adder (D:2)
  A dart slug (D:1)
  A leopard gecko (D:1)
  2 giant cockroaches (D:2)
  4 hobgoblins
  3 kobolds
  A quokka (D:2)
  5 bats
  A frilled lizard (D:2)
  5 goblins
  2 rats (D:2)
26 creatures vanquished.

Notes
Turn   | Place    | Note
-------+----------+-------------------------------------------
     0 | D:1      | Lanoc the Minotaur Wanderer began the quest for the Orb.
     0 | D:1      | Lanoc set off with the following items: a +2 shortbow, 26
                  | arrows, a +0 mace, a wand of random effects (15), a +0
                  | robe, a ration
     0 | D:1      | Reached XP level 1. HP: 16/16 MP: 1/1
    55 | D:1      | Reached XP level 2. HP: 5/24 MP: 2/2
   365 | D:1      | Reached skill level 1 in Dodging
   462 | D:1      | Reached skill level 4 in Armour
   777 | D:2      | Reached XP level 3. HP: 30/30 MP: 3/3
   844 | D:2      | Found a sacrificial altar of Ru.
   861 | D:2      | Noticed Natasha
   868 | D:2      | Slain by a white imp

Levels and vault maps discovered:
D:1:      saegor_arrival_simple_b, layout_basic
D:2:      layout_rooms, old_standard_altar, nicolae_overflow_hidden_temple,
          nicolae_ru_sacrificial_ziggurat, kiku_gazebo_garden_becter,
          serial_curves, eino_curves_02, eino_curves_04, eino_curves_04,
          roderic_serpentine_path, minmay_misc_feat_four_crosses, uniq_natasha

Skill      XL: |  1  2 |
---------------+-------+-----
Dodging        | 1 |  1.6
Fighting       | 2 |  2.5
Armour         | 4 |  4.2
Axes           | |  2.4
Maces & Flails | |  0.1
Bows           | |  2.1
Evocations     | |  1.7

Action                   || total
-------------------------++-------
Melee: Mace              ||    52
       Headbutt          ||     5
 Stab: Sleeping          ||     1
Armor: Robe              ||    24
Dodge: Dodged            ||    47

Table legend:
 A = Non-vault XP
 B = Vault XP
 C = Vault XP percentage of total XP
 D = Non-vault monster count
 E = Vault monster count
 F = Vault count percentage of total count
                 A         B        C        D         E       F
            +---------+---------+-------+---------+---------+-------
      Total |      58 |       0 |   0.0 |      26 |       0 |   0.0
            +---------+---------+-------+---------+---------+-------
        D:1 |      28 |       0 |   0.0 |      14 |       0 |   0.0
        D:2 |      30 |       0 |   0.0 |      12 |       0 |   0.0
            +---------+---------+-------+---------+---------+-------
